 Dungeon Crawl Stone Soup version 0.30-a0-802-gb92711bcdf (webtiles) character file.

Game seed: 18286946798467720031

0 retardedninja the Shield-Bearer (level 1, 23/23 HPs)
             Began as a Gnoll Fighter on Feb 24, 2023.
             Quit the game on level 1 of the Dungeon.
             The game lasted 00:00:09 (31 turns).

retardedninja the Shield-Bearer (Gnoll Fighter)       Turns: 31, Time: 00:00:09

Health: 23/23      AC:  7    Str: 15    XL:     1   Next: 10%
Magic:  1/1        EV:  9    Int:  7    God:
Gold:   0          SH:  5    Dex: 11    Spells: 0/0 levels left

rFire   . . .      SeeInvis .    a - +0 flail
rCold   . . .      Faith    .    c - +0 buckler
rNeg    . . .      Spirit   .    b - +0 scale mail
rPois   .          Reflect  .    (no helmet)
rElec   .          Harm     .    (no cloak)
rCorr   .          Rampage  .    (no gloves)
Will    .....                    (no boots) Stlth
                                 (no amulet)
HPRegen 0.23/turn                (no ring)
MPRegen 0.07/turn                (no ring)

@: no status effects
A: fangs 1, strong nose, distributed training
a: no special abilities


You were on level 1 of the Dungeon.
You visited 1 branch of the dungeon, and saw 1 of its levels.

Inventory:

Hand Weapons
 a - a +0 flail (weapon)
Armour
 b - a +0 scale mail (worn)
 c - a +0 buckler (worn)
Potions
 d - a potion of might
 e - a potion of cancellation {unknown}


   Skills:
 + Level 6.4 Fighting
 + Level 0.0 Short Blades
 + Level 0.0 Long Blades
 + Level 0.0 Axes
 + Level 4.4 Maces & Flails
 + Level 0.0 Polearms
 + Level 0.0 Staves
 + Level 0.0 Ranged Weapons
 + Level 0.0 Throwing
 + Level 6.4 Armour
 + Level 0.0 Dodging
 + Level 0.0 Stealth
 + Level 6.4 Shields
 + Level 0.0 Unarmed Combat
 + Level 0.0 Spellcasting
 + Level 0.0 Conjurations
 + Level 0.0 Hexes
 + Level 0.0 Summonings
 + Level 0.0 Necromancy
 + Level 0.0 Translocations
 + Level 0.0 Transmutations
 + Level 0.0 Fire Magic
 + Level 0.0 Ice Magic
 + Level 0.0 Air Magic
 + Level 0.0 Earth Magic
 + Level 0.0 Poison Magic
 + Level 0.0 Invocations
 + Level 0.0 Evocations


You couldn't memorise any spells.
You didn't know any spells.
Your spell library was empty.

Dungeon Overview and Level Annotations

Branches:
Dungeon (1/15)

Altars:


Innate Abilities, Weirdness & Mutations

You have very sharp teeth.
Your uncanny sense of smell can sniff out nearby items.
Your experience applies equally to all skills.


Message History

Welcome, retardedninja the Gnoll Fighter.
It is said that the Orb of Zot exists deep within this dungeon.
Press ? for a list of commands and other information.
Found a glowing sapphire potion.
Found a staircase leading out of the dungeon.
e - a glowing sapphire potion You open the door.
There is an open door here.
Key pressed, stopping explore.
No target in view!
A bat comes into view.
Found 11 gold pieces.
You block the bat's attack.
A bat is nearby!
A bat is nearby!
You closely miss the bat. You bite the bat, but do no damage.
The bat hits you but does no damage. You block the bat's attack.
You barely miss the bat. The bat barely misses you.
You miss the bat. The bat barely misses you. The bat closely misses you.
The bat hits you but does no damage. You block the bat's attack.
The bat closely misses you.
You closely miss the bat. The bat completely misses you.
The bat closely misses you.
You hit the bat.
You kill the bat!
No target in view!
No target in view!
No target in view!
No target in view!
No target in view!
No target in view!
No target in view!
Unknown command.
Are you sure you want to abandon this character and quit the game? (Confirm with "yes".)

.....##.#
....##.#
##+#######..##.#
#........#..##.#
+........#.....#
#........#..##.#
#...<....#..##.#
#........#..##.#
#........'..##@#
#........#..##.#
#######+##..##!.
.........###.# ∆
.........# .#
########## .. ∆
#$ .#


There were no monsters in sight!

Vanquished Creatures
  A bat (D:1)
1 creature vanquished.

Notes
Turn   | Place    | Note
-------+----------+-------------------------------------------
     0 | D:1      | retardedninja the Gnoll Fighter began the quest for the
                  | Orb.
     0 | D:1      | Reached XP level 1. HP: 23/23 MP: 1/1
    31 | D:1      | Quit the game

Illustrated notes

Levels and vault maps discovered:
D:1:      lemuel_arrival_room, layout_basic, serial_shops,
          nicolae_shop_behind_doors

Action                     || total
---------------------------++-------
  Melee: Flail             ||     5
         Bite              ||     1
 Armour: Scale mail        ||     2
  Dodge: Dodged            ||     6
  Block: Buckler           ||     3

Table legend: (Time is in decaauts)
 A = Elapsed time spent in this place.
 B = Non-inter-level travel time spent in this place.
 C = Inter-level travel time spent in this place.
 D = Time resting spent in this place.
 E = Time spent auto-exploring this place.
 F = Levels seen in this place.
 G = Mean time per level.
                   A        B        C        D        E       F      G
               +--------+--------+--------+--------+--------+-----+--------+
         Total |     32 |     32 |      0 |      0 |     22 |   1 |   32.0 |
       Dungeon |     32 |     32 |      0 |      0 |     22 |   1 |   32.0 |
               +--------+--------+--------+--------+--------+-----+--------+

Top non-repeatable levels by time:
     D:1: 32 daAuts
